 Dungeon Crawl Stone Soup version 0.30-a0-800-g7c544603b3 (webtiles) character file.

Game seed: 6064118363980755383

8538 Firecrotchwizard the Grappler (level 11, -1/110 HPs)
             Began as a Troll Berserker on Feb 23, 2023.
             Was a High Priest of Trog.
             Slain by a two-headed ogre
             ... wielding a +0 giant club
              (13 damage)
             ... on level 10 of the Dungeon.
             The game lasted 00:20:41 (6979 turns).

Firecrotchwizard the Grappler (Troll Berserker)     Turns: 6979, Time: 00:20:41

Health: -1/110     AC:  9    Str: 33    XL:     11   Next: 11%
Magic:  10/10      EV: 12    Int: 11    God:    Trog [*****.]
Gold:   1979       SH:  0    Dex: 15    Spells: 10/10 levels left

rFire   . . .      SeeInvis +      - Unarmed
rCold   . . .      Faith    .    (no shield)
rNeg    . . .      Spirit   .    k - +1 robe of Spring {Int+4 SInv}
rPois   .          Reflect  .    p - +1 hat {SInv}
rElec   .          Harm     .    c - +2 cloak
rCorr   .          Rampage  .    (gloves unavailable)
Will    .....                    (boots unavailable)
Stlth   +                        (no amulet)
HPRegen 1.18/turn                h - +6 ring of dexterity
MPRegen 0.12/turn                o - +6 ring of strength

@: no status effects
A: large, unfitting armour, claws 3, regeneration 1, shaggy fur 1, tough skin 1
a: Renounce Religion, Berserk, Trog's Hand, Brothers in Arms


You were on level 10 of the Dungeon.
You worshipped Trog.
Trog was extremely pleased with you.
You visited 1 branch of the dungeon, and saw 10 of its levels.
You also visited: Sewer.

You collected 1979 gold pieces.

Inventory:

Missiles
 g - 3 boomerangs of dispersal {=f}
 n - 20 poisoned darts
 s - 114 stones (quivered)
 u - 13 boomerangs
 w - 2 throwing nets {!d}
 M - a curare-tipped dart
Armour
 a - a +0 animal skin
 c - a +2 cloak (worn)
   (You found it on level 1 of the Dungeon)
 k - the +1 robe of Spring (worn) {Int+4 SInv}
   (You found it on level 2 of the Dungeon)

   Int:       It affects your intelligence (+4).
   SInv:      It lets you see invisible.
 p - a +1 hat of see invisible (worn)
   (You found it on level 3 of the Dungeon)
Jewellery
 f - a ring of fire {rF+, rC-}
   (You found it on level 9 of the Dungeon)
 h - a +6 ring of dexterity (left claw)
   (You found it on level 1 of the Dungeon)
 o - a +6 ring of strength (right claw)
   (You found it on level 3 of the Dungeon)
 r - an amulet of magic regeneration
   (You found it on level 3 of the Dungeon)
Wands
 e - a wand of charming (31)
   (You took it off Ijyb on level 4 of the Dungeon)
 i - a wand of iceblast (5)
   (You found it on level 8 of the Dungeon)
 q - a wand of flame (14)
   (You found it on level 7 of the Dungeon)
 y - a wand of mindburst (4)
   (You took it off Joseph on level 9 of the Dungeon)
Scrolls
 b - 2 scrolls of enchant weapon
 d - 4 scrolls of poison {!r}
 j - 2 scrolls of amnesia
 l - a scroll of butterflies
 B - 2 scrolls of brand weapon
 E - a scroll of fear
 V - 3 scrolls of vulnerability {!r!r}
 Y - 5 scrolls of teleportation {@r3}
Potions
 A - 3 potions of attraction {unknown}
 C - a potion of brilliance {unknown}
 F - 2 potions of degeneration {!q}
 H - a potion of haste
 I - 3 potions of invisibility
 J - 9 potions of curing {@q1}
 K - a potion of cancellation
 L - a potion of flight
 N - 3 potions of heal wounds {@q2}
 P - a potion of lignification {!q}
 U - 3 potions of mutation {!q}


   Skills:
 + Level 7.7 Fighting
 + Level 5.6 Armour
 - Level 5.0 Dodging
 * Level 12.6 Unarmed Combat


You had 10 spell levels left.
You didn't know any spells.
Your spell library was empty.

Dungeon Overview and Level Annotations

Branches:
Dungeon (10/15)            Temple (0/1) D:6           Sewer (visited)
   Lair: D:8-11         Orc: D:9-12

Altars:
Ashenzari
Cheibriados
Elyvilon
Fedhas
Gozag
Kikubaaqudgha
Makhleb
Nemelex Xobeh
Okawaru
Ru
Sif Muna
The Shining One

Shops:
D:8 =   D:9 [


Innate Abilities, Weirdness & Mutations

You are too large for most types of armour.
You have claws for hands.
Your natural rate of healing is unusually fast.
You are covered in fur. (AC +1)
You have tough skin. (AC +1)


Message History

You destroy the wight!
Trog accepts your kill.
You have reached level 11!
You regained 7 hp, and now have 89/108 hp.
MP restored: 10 You claw the wight!
The wight barely misses you.
You closely miss the wight. The wight misses you.
You barely miss the wight. You scratch the wight. The wight barely misses you.
You barely miss the wight. The wight hits you with a +0 flail!
You take 7 damage, and have 85/108 hp.
You claw the wight!
You destroy the wight!
Trog accepts your kill.
Items here: ))) [[[ †††.
Things that are here:
a +4 halberd of freezing; a +0 robe The yak bellows!
You hear a bellow!
Health restored: 108 The yak bellows!
The yak bellows!
You claw the yak! You claw the yak! The yak closely misses you.
You scratch the yak. The yak gores you!
You take 14 damage, and have 94/108 hp.
You mangle the yak!!
You kill the yak!
Trog accepts your kill.
Your life force feels restored.
You regained 2 hp, and now have 96/110 hp.
You scratch the yak. Your claw misses the yak.
The yak gores you but does no damage.
You mangle the yak!! You scratch the yak but do no damage.
The yak gores you but does no damage.
You closely miss the yak. The yak closely misses you.
You claw the yak!
You kill the yak!
Trog accepts your kill.
You scratch the yak but do no damage. You claw the yak!
The yak closely misses you.
You claw the yak! You claw the yak!!
You kill the yak!
Trog accepts your kill.
You mangle the yak!! You claw the yak.
You kill the yak!
Trog accepts your kill.
Things that are here:
a yak corpse; a yak corpse
A - 3 yellow potions (gained 2)
Y - 5 scrolls of teleportation {@r3} (gained 1)
You now have 1962 gold pieces (gained 9).
s - 114 stones (gained 7)
Found a snail-covered altar of Cheibriados.
Health restored: 110
There is a snail-covered altar of Cheibriados here.
Found a stone staircase leading down.
Found a stone staircase leading up.
Found an escape hatch in the floor.
A troll comes into view.
The troll shouts!
You claw the troll! You claw the troll! You claw the troll.
The troll bites you but does no damage. The troll barely misses you.
The troll claws you but does no damage.
You barely miss the troll. The troll misses you.
The troll claws you but does no damage. The troll misses you.
You barely miss the troll. The troll barely misses you.
The troll claws you but does no damage. The troll claws you.
You take 2 damage, and have 108/110 hp.
You claw the troll! You scratch the troll. The troll closely misses you. x3
Health restored: 110 You mangle the troll!!
You kill the troll!
Trog accepts your kill.
Found a stone staircase leading down.
You now have 1979 gold pieces (gained 17).
A two-headed ogre comes into view. It is wielding two +0 giant clubs.
A two-headed ogre is nearby!
The two-headed ogre shouts in stereo!
You claw the two-headed ogre!
The two-headed ogre hits you with a +0 giant club! x2
You take 22 damage, and have 88/110 hp.
You claw the two-headed ogre! You claw the two-headed ogre!
The two-headed ogre hits you with a +0 giant club!
The two-headed ogre hits you with a +0 giant club!!
You take 38 damage, and have 51/110 hp.
MASSIVE DAMAGE!!
You scratch the two-headed ogre but do no damage.
You barely miss the two-headed ogre.
The two-headed ogre hits you with a +0 giant club!!
* * * LOW HITPOINT WARNING * * *
The two-headed ogre hits you with a +0 giant club!!
* * * LOW HITPOINT WARNING * * *
You take 42 damage, and have 10/110 hp.
MASSIVE DAMAGE!!
You scratch the two-headed ogre but do no damage.
You scratch the two-headed ogre.
The two-headed ogre hits you with a +0 giant club!
You die...

#.............
####.....#..####.
##.......>...##... .
###........###.#..). ..
#....#.......#.#....
#.##..........#......._
.....#........##..#....
#........####..#....
##.@...........##...
#O...##..###..####.
...>................
#....#######.##....###
###.. .....#..#.
.....###+###.. #.#.
###.#.#.$...#.# #...
..#.#...$.#.# #.#.
#.#.._..#.#. #.#.


You could see a two-headed ogre.

Vanquished Creatures
  A two-headed ogre (D:10)
  A deep elf zephyrmancer (D:6)
  Joseph (D:9)
  2 trolls
  Prince Ribbit (D:7)
  2 wyverns
  11 yaks (D:10)
  A steam dragon (D:5)
  Menkaure (D:5)
  Edmund (D:6)
  A water moccasin (D:9)
  An ice beast (D:7)
  4 orc warriors (D:9)
  A sky beast (D:7)
  An ogre (D:4)
  2 phantoms
  2 centaurs (D:9)
  A kobold brigand (D:8)
  3 bullfrogs
  A necrophage (D:6)
  3 gnoll sergeants
  2 scorpions
  9 wights
  18 killer bees
  2 howler monkeys (D:10)
  4 hounds
  4 jellies
  15 orc priests
  8 orc wizards
  Ijyb (D:4)
  5 iguanas
  A hell rat (Sewer)
  15 gnolls
  An adder (D:3)
  A river rat (Sewer)
  A shadow imp (D:5)
  A white imp (D:8)
  2 worms
  7 dart slugs
  51 orcs
  15 endoplasms
  4 giant cockroaches
  16 goblins
  9 hobgoblins
  6 jackals
  3 quokkas
  7 ball pythons
  5 bats
  4 frilled lizards
  8 kobolds
  11 rats
278 creatures vanquished.

Vanquished Creatures (others)
  A human (D:3)
  2 plants (D:6)
3 creatures vanquished.

Grand Total: 281 creatures vanquished

Notes
Turn   | Place    | Note
-------+----------+-------------------------------------------
     0 | D:1      | Firecrotchwizard the Troll Berserker began the quest for
                  | the Orb.
     0 | D:1      | Reached XP level 1. HP: 22/22 MP: 0/0
     1 | D:1      | Noticed a ghoul
     3 | D:1      | Noticed an ogre
     5 | D:1      | Noticed a minotaur skeleton
     6 | D:1      | Noticed a demonspawn
     7 | D:1      | Noticed an ogre
    89 | D:1      | Reached XP level 2. HP: 29/29 MP: 1/1
   269 | D:1      | Reached ** piety under Trog
   319 | D:1      | Reached XP level 3. HP: 36/36 MP: 2/2
   907 | D:2      | Identified the +1 robe of Spring {Int+4 SInv}
   923 | D:2      | Reached skill level 4 in Unarmed Combat
  1131 | D:2      | Reached XP level 4. HP: 44/44 MP: 3/3
  1439 | D:3      | Reached skill level 3 in Dodging
  1454 | D:3      | Reached skill level 3 in Fighting
  1579 | D:3      | Reached *** piety under Trog
  1644 | D:3      | Found a glowing golden altar of the Shining One.
  1730 | D:3      | Noticed a scorpion
  1746 | D:3      | Killed a scorpion
  1747 | D:3      | Reached XP level 5. HP: 53/53 MP: 4/4
  1924 | D:3      | Found an ancient bone altar of Kikubaaqudgha.
  1925 | D:3      | Noticed a human
  1928 | D:3      | Killed a human
  2178 | D:4      | Reached skill level 5 in Unarmed Combat
  2183 | D:4      | Reached XP level 6. HP: 37/61 MP: 5/5
  2228 | D:4      | Found a burning altar of Makhleb.
  2270 | D:4      | Noticed Ijyb
  2285 | D:4      | Killed Ijyb
  2347 | D:4      | Found a blossoming altar of Fedhas.
  2364 | D:4      | Reached skill level 6 in Unarmed Combat
  2453 | D:4      | Reached XP level 7. HP: 67/68 MP: 6/6
  2585 | D:5      | Entered Level 5 of the Dungeon
  2639 | D:5      | Reached skill level 4 in Fighting
  2640 | D:5      | Reached skill level 4 in Dodging
  2649 | D:5      | Reached **** piety under Trog
  2755 | D:5      | Found a broken altar of Ashenzari.
  2805 | D:5      | Noticed a steam dragon
  2810 | D:5      | Killed a steam dragon
  2811 | D:5      | Reached skill level 7 in Unarmed Combat
  3019 | D:5      | Found a glowing drain.
  3024 | Sewer    | Entered a sewer
  3045 | Sewer    | Reached XP level 8. HP: 79/79 MP: 7/7
  3199 | D:5      | Found a sparkling altar of Nemelex Xobeh.
  3296 | D:6      | Noticed Menkaure
  3311 | D:5      | Killed Menkaure
  3358 | D:6      | Noticed Edmund
  3369 | D:6      | Killed Edmund
  3370 | D:6      | Reached skill level 5 in Fighting
  3370 | D:6      | Reached skill level 5 in Dodging
  3370 | D:6      | Reached skill level 8 in Unarmed Combat
  3424 | D:6      | Reached skill level 1 in Armour
  3477 | D:6      | Found a staircase to the Ecumenical Temple.
  3729 | D:6      | Found a shimmering blue altar of Sif Muna.
  3835 | D:6      | Noticed a deep elf zephyrmancer
  3840 | D:6      | HP: 17/80 [deep elf zephyrmancer/bolt of lightning (26)]
  3842 | D:6      | Killed a deep elf zephyrmancer
  3843 | D:6      | Reached skill level 2 in Armour
  3843 | D:6      | Reached skill level 9 in Unarmed Combat
  3843 | D:6      | Reached XP level 9. HP: 12/88 MP: 8/8
  4153 | D:7      | Found a sacrificial altar of Ru.
  4263 | D:7      | Found an opulent altar of Gozag.
  4380 | D:7      | Reached ***** piety under Trog
  4488 | D:7      | Noticed Prince Ribbit
  4494 | D:7      | Killed Prince Ribbit
  4495 | D:7      | Reached skill level 6 in Fighting
  4518 | D:7      | Reached skill level 3 in Armour
  4525 | D:7      | Reached skill level 10 in Unarmed Combat
  4750 | D:8      | Found Loitiori's Jewellery Shoppe.
  5024 | D:8      | Noticed a troll
  5051 | D:8      | Killed a troll
  5052 | D:8      | Reached XP level 10. HP: 67/100 MP: 9/9
  5184 | D:8      | Found a white marble altar of Elyvilon.
  5326 | D:8      | Reached skill level 4 in Armour
  5793 | D:9      | Found Usunul's Antique Armour Shop.
  5883 | D:9      | Noticed Joseph
  5896 | D:9      | Killed Joseph
  5897 | D:9      | Reached skill level 11 in Unarmed Combat
  5918 | D:9      | Identified a scroll of acquirement
  5918 | D:9      | Acquired 1255 gold pieces
  6000 | D:9      | HP: 36/150 [poisoned by a killer bee]
  6003 | D:9      | HP: 16/100 [poisoned by a killer bee]
  6017 | D:9      | Reached skill level 7 in Fighting
  6624 | D:10     | Entered Level 10 of the Dungeon
  6624 | D:10     | Noticed a two-headed ogre
  6694 | D:10     | Found an iron altar of Okawaru.
  6764 | D:10     | Reached skill level 5 in Armour
  6769 | D:10     | Reached skill level 12 in Unarmed Combat
  6843 | D:10     | Killed a two-headed ogre
  6858 | D:10     | Reached XP level 11. HP: 89/108 MP: 10/10
  6935 | D:10     | Found a snail-covered altar of Cheibriados.
  6969 | D:10     | Noticed a two-headed ogre
  6977 | D:10     | HP: 10/110 [two-headed ogre/+0 giant club (20)]
  6979 | D:10     | Slain by a two-headed ogre

Illustrated notes

Levels and vault maps discovered:
D:1:      shiori_arrival_whats_in_store_for_you, layout_basic, minmay_cut_off
D:2:      minmay_angry_zag, layout_loops_ring
D:3:      layout_rooms, tso_oasis_becter, tgw_kikubaaqudgha
D:4:      layout_cave_pools, fedhas_altar_2,
          mainiacjoe_overflow_six_doors_small, uniq_crazy_yiuf_cottage,
          uniq_ijyb
D:5:      layout_basic, cheibrodos_ashenzari_chains, marbit_many_paths,
          portal_sewer_entry_e
D:6:      corexii_shack_village, layout_cave_pools, lemuel_crystal_altar,
          minmay_temple_entry_antechambers, guppyfry_early_elven_hall,
          uniq_edmund, uniq_menkaure
D:7:      layout_cave_pods, mainiacjoe_overflow_cross_hatched,
          kennysheep_little_box, uniq_prince_ribbit1
D:8:      layout_basic, elyvilon_altar_4, serial_shops, shop, enter_bailey_2
D:9:      layout_basic, serial_shops, nicolae_shop_stone, uniq_joseph
D:10:     layout_rooms, old_standard_altar, nicolae_overflow_two_pavilions,
          lemuel_doored_altar, amcnicky_altar_gilded, serial_shops,
          nicolae_shop_bloodbath_and_beyond, kennysheep_small_square

Skill      XL: |  1  2  3  4  5  6  7  8  9 10 |
---------------+-------------------------------+-----
Unarmed Combat | 4 5 6 7 9 10 12 | 12.6
Dodging        | 3 4 5 |  5.0
Fighting       | 3 4 5 6 7 |  7.7
Armour         | 2 3 5 |  5.6

Action                     |  1- 3 |  4- 6 |  7- 9 | 10-12 || total
---------------------------+-------+-------+-------+-------++-------
  Melee: Unarmed           |   117 |   139 |   257 |   189 ||   702
         Punch             |     1 |     1 |    11 |     6 ||    19
  Throw: Stone             |     1 |       |       |       ||     1
 Invoke: Berserk           |       |       |     1 |     1 ||     2
         Trog's Hand       |       |       |     1 |     1 ||     2
    Use: Scroll            |       |       |       |    23 ||    23
         Potion            |       |       |       |     4 ||     4
   Stab: Sleeping          |       |     2 |       |     1 ||     3
 Armour: Animal skin       |    38 |       |       |       ||    38
         Robe              |     5 |    56 |    66 |    67 ||   194
  Dodge: Dodged            |    48 |    67 |   150 |   125 ||   390

Table legend: (Time is in decaauts)
 A = Elapsed time spent in this place.
 B = Non-inter-level travel time spent in this place.
 C = Inter-level travel time spent in this place.
 D = Time resting spent in this place.
 E = Time spent auto-exploring this place.
 F = Levels seen in this place.
 G = Mean time per level.
                   A        B        C        D        E       F      G
               +--------+--------+--------+--------+--------+-----+--------+
         Total |   6876 |   6620 |    256 |     28 |   5088 |  11 |  625.1 |
       Dungeon |   6801 |   6545 |    256 |     28 |   5058 |  10 |  680.1 |
         Sewer |     74 |     74 |      0 |      0 |     30 |   1 |   74.0 |
               +--------+--------+--------+--------+--------+-----+--------+

Top non-repeatable levels by time:
     D:8: 995 daAuts
     D:9: 909 daAuts
     D:7: 769 daAuts
     D:2: 732 daAuts
     D:1: 681 daAuts
     D:6: 673 daAuts
     D:5: 617 daAuts
     D:3: 612 daAuts
     D:4: 536 daAuts
    D:10: 271 daAuts
   Sewer: 74 daAuts

Table legend:
 A = Kills in this place as a percentage of kills in entire the game.
 B = Kills by you in this place as a percentage of kills by you in the entire game.
 C = Kills by friends in this place as a percentage of kills by friends in the entire game.
 D = Other kills in this place as a percentage of other kills in the entire game.
 E = Experience gained in this place as a percentage of experience gained in the entire game.
 F = Experience gained in this place divided by the number of levels of this place that you have seen.
                   A       B       C       D       E      F
               +-------+-------+-------+-------+-------+----------------------
         Total | 100.0 | 100.0 |   N/A |   N/A | 100.0 | 1108.9
       Dungeon |  97.8 |  97.8 |   N/A |   N/A |  99.6 | 1214.9
         Sewer |   2.2 |   2.2 |   N/A |   N/A |   0.4 |  49.0
               +-------+-------+-------+-------+-------+----------------------
